 Dungeon Crawl Stone Soup version 0.17.0-15-g6d90897 (webtiles) character file.

250 dysrexia the Ruffian (level 5, -11/45 HPs)
             Began as a Troll Earth Elementalist on Nov 10, 2015.
             Was an Initiate of Okawaru.
             Mangled by Menkaure (19 damage)
             ... on level 4 of the Dungeon.
             The game lasted 00:07:49 (2180 turns).

dysrexia the Ruffian (Troll Earth Elementalist)     Turns: 2180, Time: 00:07:49

Health: -11/45     AC:  6    Str: 19    XL:     5   Next: 88%
Magic:  5/5        EV: 15    Int: 11    God:    Okawaru [......]
Gold:   146        SH:  0    Dex: 16    Spells: 2 memorised, 3 levels left

rFire  . . .     SeeInvis .       - Unarmed
rCold  . . .     Clarity  .     b - +1 robe
rNeg   . . .     SustAt   .     (no shield)
rPois  .         Gourm    +     (helmet restricted)
rElec  .         Spirit   .     (no cloak)
rCorr  .         Warding  .     (gloves unavailable)
rMut   .         Stasis   .     (boots unavailable)
MR     .....                    l - amulet of faith
Stlth  +++.......               n - +3 ring of strength
                                (no ring)

@: agile, very slightly contaminated, hasted, very quick, not resistant to
hostile enchantments, fairly stealthy
A: unfitting armour, claws 3, fast metabolism 3, gourmand, regeneration 2,
shaggy fur 1, tough skin 2
a: Renounce Religion


You were on level 4 of the Dungeon.
You worshipped Okawaru.
Okawaru was noncommittal.
You were very full.

You visited 1 branch of the dungeon, and saw 4 of its levels.

You collected 146 gold pieces.

Inventory:

Missiles
 a - 113 stones (quivered)
 p - 27 poisoned needles
Armour
 b - a +1 robe (worn)
Jewellery
 l - an amulet of faith (around neck)
 m - an uncursed ring of ice
 n - a +3 ring of strength (right claw)
 s - an uncursed ring of wizardry {unknown}
Scrolls
 o - 2 scrolls of noise
 q - a scroll of blinking {unknown}
 t - a scroll of enchant weapon
Potions
 e - a potion of resistance
 g - a potion of degeneration
 k - 2 potions of magic
 v - a potion of curing {unknown}
Books
 c - a book of Geomancy

   Spells                             Type                      Level
   a - Sandblast                      Earth                        1
   b - Stoneskin                      Transmutation/Earth          2
   c - Passwall                       Transmutation/Earth          3
   d - Stone Arrow                    Conjuration/Earth            3
   e - Petrify                        Transmutation/Earth          4
   f - Lee's Rapid Deconstruction     Earth                        5
Comestibles
 d - 7 bread rations
 f - a slice of pizza
 h - a beef jerky
 r - 3 chunks of flesh


   Skills:
 - Level 1.5 Dodging
 - Level 1.1 Stealth
 * Level 4.0 Unarmed Combat
 - Level 1.2 Spellcasting
 + Level 1.9 Transmutations
 + Level 3.9 Earth Magic


You had 3 spell levels left.
You knew the following spells:

 Your Spells              Type           Power        Failure   Level  Hunger
a - Sandblast             Erth           #.....       10%         1    ##.....
b - Stoneskin             Trmt/Erth      #.......     17%         2    ###....


Dungeon Overview and Level Annotations

Branches:
Dungeon (4/15)
 Temple: D:4-7

Altars:
Cheibriados
Makhleb
Okawaru

Annotations:
D:4 Menkaure


Innate Abilities, Weirdness & Mutations

You are too large for most types of armour.
You have claws for hands.
Your metabolism is lightning-fast.
You like to eat raw meat.
You heal very quickly.
You are covered in fur (AC +1).
You have very tough skin (AC +2).


Message History

It was a potion of agility.
You feel agile all of a sudden. Menkaure hits you but does no damage.
Drink which item? (? for menu, Esc to quit)
It was a potion of heal wounds.
You feel much better. Menkaure closely misses you.
Drink which item? (? for menu, Esc to quit)
You feel yourself speed up. Menkaure barely misses you.
Menkaure closely misses you.
You are very lightly contaminated with residual magic.
You scratch Menkaure.
Menkaure is moderately damaged.
You scratch Menkaure.
Menkaure is heavily damaged.
Menkaure hits you!
* * * LOW HITPOINT WARNING * * *
You completely miss Menkaure.
Menkaure is heavily damaged.
Menkaure hits you!!
You die...

### ##.##
##...#################
#...............@M...#
......<......%..####.#
......####.###..#
.....## #.# #..#
.....# #.# #..# ....##
#.# #.(# ...)# #.#
#... #...######.#
#.### .^.........# #.#


You could see Menkaure.

Vanquished Creatures
  A scorpion (D:4)
  Ijyb (D:2)
  An orc wizard (D:3)
  A worker ant (D:4)
  Robin (D:3)
  4 adders
  A worm (D:3)
  3 orcs (D:3)
  2 ball pythons (D:3)
  12 goblins
  9 hobgoblins
  7 kobolds
  2 quokkas
  9 bats
  5 giant cockroaches
  A giant newt (D:3)
  4 jackals (D:3)
  7 rats
71 creatures vanquished.

Notes
Turn   | Place    | Note
--------------------------------------------------------------
     0 | D:1      | dysrexia the Troll Earth Elementalist began the quest for the Orb.
     0 | D:1      | Reached XP level 1. HP: 16/16 MP: 1/1
   107 | D:1      | Reached skill level 1 in Unarmed Combat
   242 | D:1      | Reached XP level 2. HP: 18/24 MP: 2/2
   415 | D:1      | Reached skill level 3 in Earth Magic
   637 | D:2      | Learned a level 2 spell: Stoneskin
   775 | D:2      | Noticed Ijyb
   789 | D:2      | Killed Ijyb
   789 | D:2      | Reached skill level 1 in Transmutations
   789 | D:2      | Reached XP level 3. HP: 31/31 MP: 3/3
  1081 | D:2      | Found a burning altar of Makhleb.
  1084 | D:2      | Found an iron altar of Okawaru.
  1115 | D:2      | Became a worshipper of Warmaster Okawaru
  1371 | D:3      | Reached XP level 4. HP: 39/39 MP: 4/4
  1568 | D:3      | Noticed Robin
  1689 | D:3      | Killed Robin
  1701 | D:3      | Found a snail-covered altar of Cheibriados.
  1803 | D:3      | Reached XP level 5. HP: 45/45 MP: 5/5
  2156 | D:4      | Reached skill level 4 in Unarmed Combat
  2165 | D:4      | Noticed Menkaure
  2174 | D:4      | HP: 1/45 [Menkaure (16)]
  2180 | D:4      | Mangled by Menkaure

Action                   |  1- 3 |  4- 6 || total
-------------------------+-------+-------++-------
Melee: Unarmed           |   102 |   129 ||   231
  Use: Scroll            |       |     9 ||     9
       Potion            |       |     3 ||     3
 Stab: Sleeping          |     4 |       ||     4
  Eat: Chunk             |    13 |    11 ||    24
